 Dungeon Crawl Stone Soup version 0.18-a0-1799-g6250cb2 (webtiles) character file.

14922 wvc the Basher (level 11, -3/105 HPs)
             Began as a Troll Gladiator on Apr 23, 2016.
             Was a High Priest of Okawaru.
             Slain by a polar bear (16 damage)
             ... in an ice cave.
             The game lasted 00:22:09 (10171 turns).

wvc the Basher (Troll Gladiator)                   Turns: 10171, Time: 00:22:09

Health: -3/105     AC:  8    Str: 23    XL:     11   Next: 95%
Magic:  8/10       EV: 22    Int:  7    God:    Okawaru [*****.]
Gold:   893        SH:  0    Dex: 18    Spells: 0 memorised, 10 levels left

rFire  . . .     SeeInvis .     P - +9 flail "Hydraslayer" {freeze, Int+3}
rCold  + . .     Gourm    +     T - +1 animal skin of Omission {Str-2 Dex+5}
rNeg   . . .     Faith    .     (no shield)
rPois  .         Spirit   .     c - +1 hat
rElec  .         Dismiss  +     m - +0 cloak
rCorr  .         Reflect  .     (gloves unavailable)
SustAt .         Harm     .     (boots unavailable)
MR     .....                    v - amulet of dismissal
Stlth  ++........               j - +3 ring of evasion
                                r - ring of protection from cold

@: heroism, not resistant to hostile enchantments, unstealthy
A: unfitting armour, claws 3, fast metabolism 3, gourmand, regeneration 2,
shaggy fur 1, tough skin 2
a: Heroism, Finesse, Renounce Religion


You were in an ice cave.
You worshipped Okawaru.
Okawaru was extremely pleased with you.
You were very full.

You visited 2 branches of the dungeon, and saw 12 of its levels.
You also visited: Sewer, Ossuary and Ice Cave.

You collected 893 gold pieces.

Inventory:

Hand Weapons
 e - a +0 blowgun
 A - a +0 great mace
 F - a +0 giant spiked club
 P - the +9 flail "Hydraslayer" (weapon) {freeze, Int+3}
   (You found it on level 9 of the Dungeon)

   It has been specially enchanted to freeze those struck by it, causing extra
   injury to most foes and up to half again as much damage against particularly
   susceptible opponents.
   It can also slow down cold-blooded creatures.
   It affects your intelligence (+3).
Missiles
 d - 3 throwing nets
 g - 92 poisoned needles
 p - 13 javelins
 t - 5 curare-tipped needles
 W - 5 large rocks (quivered)
Armour
 c - a +1 hat (worn)
 m - a +0 cloak (worn)
 u - a +2 robe of the Archmagi
 T - the +1 animal skin of Omission (worn) {Str-2 Dex+5}
   (Okawaru gifted it to you on level 10 of the Dungeon)

   It affects your strength (-2).
   It affects your dexterity (+5).
Magical Staves
 N - an uncursed staff of power
Jewellery
 i - an uncursed ring of positive energy
 j - a +3 ring of evasion (right claw)
 r - a ring of protection from cold (left claw)
 v - an amulet of dismissal (around neck)
 w - a +6 ring of dexterity
 G - an uncursed ring of wizardry
Wands
 b - a wand of paralysis (8/24)
 x - a wand of digging (16/24)
 y - a wand of slowing (14/48)
 B - a wand of acid (13/15)
 M - a wand of acid (7/15)
 Y - a wand of flame (20/48)
Scrolls
 o - 9 scrolls of remove curse
 J - 5 scrolls of enchant armour
 O - a scroll of teleportation
 S - 3 scrolls of recharging
Potions
 a - a potion of beneficial mutation {unknown}
 h - 3 potions of flight
 k - 5 potions of curing
 l - 4 potions of might
 n - 2 potions of mutation
 q - 2 potions of heal wounds
 s - 2 potions of brilliance
 C - a potion of resistance
 D - a potion of lignification
 H - 2 potions of cure mutation
 K - a potion of agility {unknown}
 L - 4 potions of cancellation
Miscellaneous
 R - a phial of floods
Comestibles
 f - 7 bread rations
 z - 6 meat rations
 Q - 20 fruits
 V - a royal jelly
 X - a slice of pizza
 Z - 7 chunks of flesh


   Skills:
 + Level 5.8(10.8) Fighting
 * Level 14.7(19.7) Maces & Flails
 - Level 1.7(6.7) Throwing
 + Level 7.1(12.1) Dodging


You had 10 spell levels left.
You didn't know any spells.

Dungeon Overview and Level Annotations

Branches:
Dungeon (11/15)            Temple (0/1) D:5            Lair (1/8) D:11
    Orc (0/2) D:10

Altars:
Cheibriados
Elyvilon
Fedhas
Okawaru
Ru
Sif Muna
Trog
Vehumet
Xom

Annotations:
D:2 exclusion: oklob plant


Innate Abilities, Weirdness & Mutations

You are too large for most types of armour.
You have claws for hands.
Your metabolism is lightning-fast.
You like to eat raw meat.
You heal very quickly.
You are covered in fur (AC +1).
You have very tough skin (AC +2).


Message History

The polar bear bites you! The polar bear completely misses you.
The polar bear barely misses you.
You sock the polar bear! You freeze the polar bear.
The polar bear is almost dead.
The polar bear bites you!
* * * LOW HITPOINT WARNING * * *
The polar bear claws you but does no damage.
The polar bear closely misses you.
You gain the combat prowess of a mighty hero.
You feel slightly less full.
The polar bear goes berserk!
You hit the polar bear.
The polar bear is almost dead.
The polar bear bites you!
* * * LOW HITPOINT WARNING * * *
The polar bear misses you.
The polar bear claws you but does no damage.
You hit the polar bear. Your claw misses the polar bear.
The polar bear is almost dead.
The polar bear bites you!
You die...

#≈≈≈≈≈ #≈h≈≈≈≈
≈≈≈≈≈ ##≈≈≈ #Y≈#
##≈# ### #Y##
###.# #h##
#...#### ##@#
##..#.#.# #.###
#†#.##..##
#...###†####...#
#..###.#######.##
#..#≈#.#..# #..#
##.#≈#../.# ##÷##
#..###)=|# #†.#
##.###.⌠.# ##.##
#..##...#### #..#


You could see a polar bear (berserk) and a yak.

Vanquished Creatures
  A death yak (IceCv)
  A cyclops (D:11)
  The ghost of wvc the Basher, a novice TrGl (D:5)
  An ice statue (IceCv)
  A kobold demonologist (Sewer)
  A komodo dragon (D:11)
  9 polar bears (IceCv)
  A troll (D:11)
  A two-headed ogre (D:10)
  Grinder (Sewer)
  3 blink frogs (Lair:1)
  18 yaks
  2 hippogriffs
  A hungry ghost (D:9)
  A water moccasin (D:10)
  A porcupine (Lair:1)
  An ice beast (D:9)
  5 orc warriors
  3 black bears (D:6)
  An eye of draining (D:10)
  7 ogres
  5 centaurs
  13 wolves (IceCv)
  3 big kobolds
  2 elf zombies (Ossuary)
  A gnoll sergeant (D:7)
  5 giant frogs
  A wyvern skeleton (D:10)
  3 scorpions
  2 killer bees (D:10)
  8 wights (D:10)
  8 crimson imps
  3 jellies
  6 centaur zombies
  A giant frog zombie (D:5)
  A quasit (D:7)
  4 orc priests
  A centaur skeleton (D:5)
  10 orc wizards
  A human zombie (Ossuary)
  2 giant frog skeletons
  A gnoll shaman (D:7)
  Terence (D:2)
  3 iguanas
  4 worker ants
  3 big kobold zombies (Sewer)
  2 hound skeletons
  2 hound zombies
  A howler monkey zombie (D:10)
  2 mummies (Ossuary)
  16 gnolls
  A howler monkey skeleton (D:6)
  18 adders
  5 shadow imps
  11 white imps (Lair:1)
  5 ufetubi (Sewer)
  An ooze (Sewer)
  2 adder zombies (Ossuary)
  3 adder skeletons
  5 worms
  2 dart slugs (D:1)
  3 giant geckos
  42 orcs
  10 bats
  3 giant cockroaches
  4 goblins
  4 hobgoblins
  8 jackals
  33 kobolds
  4 quokkas
  2 ball pythons
  A giant cockroach zombie (Sewer)
  5 giant newts
  2 goblin zombies (Ossuary)
  12 hobgoblin zombies (Ossuary)
  A jackal zombie (Ossuary)
  11 kobold zombies
  4 orc zombies (Ossuary)
  A quokka zombie (D:8)
  6 rats
  2 rat zombies (Ossuary)
387 creatures vanquished.

Vanquished Creatures (others)
  2 yaks (IceCv)
  3 wolves (IceCv)
  An ooze (Sewer)
  A kobold zombie (Sewer)
  5 plants (D:11)
12 creatures vanquished.

Grand Total: 399 creatures vanquished

Notes
Turn   | Place    | Note
--------------------------------------------------------------
     0 | D:1      | wvc the Troll Gladiator began the quest for the Orb.
     0 | D:1      | Reached XP level 1. HP: 19/19 MP: 0/0
   107 | D:1      | Reached skill level 3 in Maces & Flails
   295 | D:1      | Reached XP level 2. HP: 27/27 MP: 1/1
   939 | D:2      | Found a white marble altar of Elyvilon.
   977 | D:2      | Reached XP level 3. HP: 33/33 MP: 2/2
  1036 | D:2      | Reached skill level 4 in Maces & Flails
  1075 | D:2      | Found a blossoming altar of Fedhas.
  1090 | D:2      | Noticed an oklob plant
  1489 | D:2      | Reached XP level 4. HP: 37/41 MP: 3/3
  1635 | D:2      | Noticed Terence
  1664 | D:2      | Killed Terence
  1783 | D:2      | Reached skill level 5 in Maces & Flails
  1883 | D:3      | Reached XP level 5. HP: 45/48 MP: 4/4
  1981 | D:3      | Found an iron altar of Okawaru.
  1993 | D:3      | Became a worshipper of Warmaster Okawaru
  2565 | D:4      | Reached skill level 6 in Maces & Flails
  2697 | D:4      | Found a glowing drain.
  2712 | Sewer    | Entered a sewer
  2780 | Sewer    | Reached XP level 6. HP: 55/55 MP: 5/5
  2889 | Sewer    | Found a burning altar of Makhleb.
  2908 | Sewer    | Noticed an apprentice kobold demonologist
  2938 | Sewer    | Killed an apprentice kobold demonologist
  2938 | Sewer    | Reached * piety under Okawaru
  2938 | Sewer    | Reached skill level 7 in Maces & Flails
  2938 | Sewer    | Reached XP level 7. HP: 58/62 MP: 6/6
  2962 | Sewer    | Noticed Grinder
  2966 | Sewer    | Paralysed by Grinder for 4 turns
  2974 | Sewer    | Killed Grinder
  2974 | Sewer    | Reached skill level 8 in Maces & Flails
  3034 | Sewer    | Reached ** piety under Okawaru
  3869 | D:5      | Entered Level 5 of the Dungeon
  3949 | D:5      | Reached skill level 9 in Maces & Flails
  3949 | D:5      | Reached XP level 8. HP: 70/70 MP: 7/7
  3976 | D:5      | Found a sacrificial altar of Ru.
  4117 | D:5      | Noticed wvc's ghost (novice TrGl)
  4129 | D:5      | Killed wvc's ghost
  4134 | D:5      | Reached skill level 10 in Maces & Flails
  4330 | D:5      | Found a staircase to the Ecumenical Temple.
  4763 | D:6      | Found a bloodstained altar of Trog.
  4804 | D:6      | Reached skill level 11 in Maces & Flails
  4804 | D:6      | Reached XP level 9. HP: 71/76 MP: 8/8
  4883 | D:6      | Found a sand-covered staircase.
  4933 | Ossuary  | Entered an ossuary
  5172 | Ossuary  | Reached *** piety under Okawaru
  5455 | D:6      | Found a shimmering altar of Xom.
  6108 | D:7      | Found a deep blue altar of Sif Muna.
  6108 | D:7      | Found a snail-covered altar of Cheibriados.
  6261 | D:8      | Reached skill level 12 in Maces & Flails
  6766 | D:8      | Reached **** piety under Okawaru
  6886 | D:8      | Reached XP level 10. HP: 73/91 MP: 9/9
  7242 | D:9      | Reached ***** piety under Okawaru
  7522 | D:9      | Got a twisted flail
  7526 | D:9      | Identified the +9 flail "Hydraslayer" {freeze, Int+3} (You found it on level 9 of the Dungeon)
  7736 | D:10     | Entered Level 10 of the Dungeon
  7795 | D:10     | Reached skill level 13 in Maces & Flails
  7799 | D:10     | Reached skill level 5 in Dodging
  7902 | D:10     | Received a gift from Okawaru
  7908 | D:10     | Got a pitted animal skin {god gift}
  7919 | D:10     | Identified the +1 animal skin of Omission {Str-2 Dex+5} (Okawaru gifted it to you on level 10 of the Dungeon)
  8042 | D:10     | Found a staircase to the Orcish Mines.
  8127 | D:10     | Found a radiant altar of Vehumet.
  8384 | D:11     | Noticed a cyclops
  8388 | D:11     | Killed a cyclops
  8621 | D:11     | Reached XP level 11. HP: 91/101 MP: 10/10
  8695 | D:11     | Found a staircase to the Lair.
  8997 | D:11     | Found a blossoming altar of Fedhas.
  9144 | Lair:1   | Entered Level 1 of the Lair of Beasts
  9370 | Lair:1   | Found a frozen archway.
  9412 | IceCv    | Entered an ice cave
  9428 | IceCv    | Reached skill level 14 in Maces & Flails
  9644 | IceCv    | Reached skill level 5 in Fighting
  9935 | IceCv    | Received a gift from Okawaru
 10125 | IceCv    | Noticed a death yak
 10158 | IceCv    | Killed a death yak
 10171 | IceCv    | Slain by a polar bear

Vault maps used:
D:1:      dpeg_arrival_short_road
D:2:      elyvilon_altar_4, tgw_fedhas, uniq_terence
D:3:      nicolae_overflow_crystal_walls, minivault_27,
          minmay_misc_feat_four_crosses
D:4:      first_bread, portal_sewer_entry_d, serial_forest,
          infiniplex_forest_end_double, infiniplex_forest_clump_curved,
          infiniplex_forest_fountain, infiniplex_forest_straight_5,
          infiniplex_forest_straight_2, infiniplex_forest_lined_corner,
          kennysheep_generic_room_9
D:5:      kennysheep_mini, temple_doors_d, uniq_grinder
D:6:      xom_butterflies, enter_ossuary_1, trog_ov_bears_minmay
D:7:      tso_altar, nicolae_overflow_hidden_temple
D:10:     david_orc_3, basic_altar
D:11:     david_lair_shrubbed, hangedman_tree_tricks
Lair:1:   portal_ice_cave_entry_imps, basic_altar, serial_bayou_pond_c
Sewer:    kennysheep_sewer_church
Ossuary:  ossuary_tomb_1
IceCv:    ice_cave_caverns_02

Skill      XL: |  1  2  3  4  5  6  7  8  9 10 11 |
---------------+----------------------------------+-----
Maces & Flails | 3 4 5 6 7 9 11 12 13 14 | 14.7
Fighting       | 3 4 5 |  5.8
Dodging        | 4 5 7 |  7.1
Throwing       | |  1.7

Action                   |  1- 3 |  4- 6 |  7- 9 | 10-12 || total
-------------------------+-------+-------+-------+-------++-------
Melee: Flail             |   113 |   284 |    47 |   427 ||   871
       Great mace        |       |       |   421 |    76 ||   497
       Punch             |       |       |       |     2 ||     2
Throw: Throwing net      |       |     1 |       |       ||     1
Invok: Heroism           |       |       |     6 |     5 ||    11
  Use: Scroll            |       |    11 |     9 |     3 ||    23
       Potion            |       |       |     2 |     1 ||     3
 Stab: Sleeping          |     1 |       |     3 |     2 ||     6
       Held in net/web   |       |     1 |       |       ||     1
       Distracted        |       |       |     2 |     3 ||     5
  Eat: Chunk             |    15 |    14 |    32 |    38 ||    99
       Beef jerky        |       |       |     2 |       ||     2
       Meat ration       |       |       |     1 |       ||     1
       Pizza             |       |       |     1 |       ||     1
Armor: Robe              |    48 |    99 |   140 |    21 ||   308
       Animal skin       |       |       |       |    74 ||    74
Dodge: Dodged            |   115 |   236 |   409 |   337 ||  1097
